 Dungeon Crawl Stone Soup version 0.17.0-28-g6e173f8 (webtiles) character file.

95 septik the Covered (level 4, -1/29 HPs)
             Began as a Gargoyle Fighter on Nov 29, 2015.
             Slain by an orc priest
             ... wielding a +2 vampiric war axe
              (5 damage)
             ... on level 3 of the Dungeon.
             The game lasted 00:04:07 (2114 turns).

septik the Covered (Gargoyle Fighter)               Turns: 2114, Time: 00:04:07

Health: -1/29      AC: 10    Str: 19    XL:     4   Next: 66%
Magic:  4/4        EV:  7    Int:  9    God:
Gold:   112        SH:  9    Dex: 10    Spells: 0 memorised, 3 levels left

rFire  . . .     SeeInvis .     a - +0 flail
rCold  . . .     Clarity  .     b - +0 scale mail
rNeg   + . .     SustAt   .     c - +0 shield
rPois  ∞         Gourm    .     (no helmet)
rElec  +         Spirit   .     (no cloak)
rCorr  .         Warding  .     (no gloves)
rMut   .         Stasis   .     (no boots)
MR     .....                    (no amulet)
Stlth  ..........               (no ring)
                                (no ring)

@: not resistant to hostile enchantments, extremely unstealthy
A: negative energy resistance 1, electricity resistance, unbreathing,
petrification resistance, rot immunity, AC +3
a: no special abilities


You were on level 3 of the Dungeon.
You were not hungry.

You visited 1 branch of the dungeon, and saw 3 of its levels.

You collected 112 gold pieces.

Inventory:

Hand Weapons
 a - a +0 flail (weapon)
Missiles
 p - 90 stones (quivered)
 y - 5 curare-tipped needles
Armour
 b - a +0 scale mail (worn)
 c - a +0 shield (worn)
 n - a shadow dragon hide
Jewellery
 o - an uncursed ring of positive energy {unknown}
Wands
 s - a wand of confusion (17)
Scrolls
 g - a scroll of teleportation {unknown}
 h - a scroll of remove curse {unknown}
 i - a scroll of magic mapping {unknown}
 m - a scroll of amnesia {unknown}
 r - a scroll of fog {unknown}
 v - a scroll of enchant armour {unknown}
 w - a scroll of noise {unknown}
 x - 2 scrolls of identify {unknown}
Potions
 d - a potion of might
 j - 2 potions of heal wounds {unknown}
 k - 2 potions of curing {unknown}
 t - a potion of brilliance {unknown}
 u - a potion of haste {unknown}
Comestibles
 e - 3 bread rations
 f - a beef jerky
 l - 7 chunks of flesh
 q - 3 meat rations


   Skills:
 + Level 3.7 Fighting
 * Level 3.2 Maces & Flails
 + Level 3.8 Armour
 + Level 1.5 Dodging
 - Level 3.2 Shields


You had 3 spell levels left.
You didn't know any spells.

Dungeon Overview and Level Annotations

Branches:
Dungeon (3/15)

Altars:
Cheibriados
Sif Muna


Innate Abilities, Weirdness & Mutations

You are resistant to torment.
Your stone body is resilient (AC +3).
You are immune to poison.
You resist negative energy.
You are resistant to electric shocks.
You can survive without breathing.
You are immune to petrification.
You are immune to rotting.


Message History

The orc priest invokes the aid of Beogh against you.
Something smites you!
An orc wizard comes into view. It is wielding a dagger.
You sock the orc!
The orc is almost dead.
The orc hits you with a hand axe.
You sock the orc!
You kill the orc!
You barely miss the orc priest.
The orc priest calls down the wrath of Beogh upon you.
Something smites you!
* * * LOW HITPOINT WARNING * * *
You hear a shout!
You hit the orc priest.
The orc priest is moderately wounded.
You block the orc priest's attack.
You sock the orc priest!
The orc priest is almost dead.
The orc priest hits you with a vampiric war axe.
You die...

# #.# #. #.# .### #.#
..# #.# #.# ###.######.
##.######..........
#............####..
#####..####o#.#.......
#.......o...#@...#####.
#.####..##.###...#
#..#.## ##..# #..##
.#... #.o# .##### #(.#
#.o# #.o


You could see an orc priest.

Vanquished Creatures
  3 adders (D:2)
  2 oozes
  An orc (D:3)
  11 bats
  4 giant cockroaches
  8 hobgoblins
  4 jackals
  8 kobolds
  A ball python (D:3)
  3 giant geckos
  3 giant newts (D:2)
  5 goblins
  7 rats
60 creatures vanquished.

Notes
Turn   | Place    | Note
--------------------------------------------------------------
     0 | D:1      | septik the Gargoyle Fighter began the quest for the Orb.
     0 | D:1      | Reached XP level 1. HP: 14/14 MP: 1/1
   195 | D:1      | Reached XP level 2. HP: 13/19 MP: 2/2
  1041 | D:2      | Reached XP level 3. HP: 23/23 MP: 3/3
  1172 | D:2      | Reached skill level 1 in Dodging
  1185 | D:2      | Found a snail-covered altar of Cheibriados.
  1507 | D:2      | Reached XP level 4. HP: 28/28 MP: 4/4
  1561 | D:2      | Found a deep blue altar of Sif Muna.
  2114 | D:3      | Slain by an orc priest

Action                   |  1- 3 |  4- 6 || total
-------------------------+-------+-------++-------
Melee: Flail             |   139 |    89 ||   228
  Eat: Chunk             |     2 |     2 ||     4
